 Dungeon Crawl Stone Soup version 0.25-a0-294-gea9b1ad378 (webtiles) character file.

Game seed: 14475778423684639165, levelgen mode: classic

24903 Borgoz the Slicer (level 13, -1/92 HPs)
             Began as a Halfling Fighter on Dec 18, 2019.
             Was a Priest of Ashenzari.
             Slain by a very large slime creature (37 damage)
             ... on level 13 of the Dungeon on Dec 19, 2019.
             The game lasted 00:30:58 (17389 turns).

Borgoz the Slicer (Halfling Fighter)               Turns: 17389, Time: 00:30:59

Health: -1/92      AC: 18    Str: 20    XL:     13   Next: 46%
Magic:  4/4        EV: 22    Int:  6    God:    Ashenzari [***...]
Gold:   1143       SH:  9    Dex: 19    Spells: 12/12 levels left

rFire    + . .     SeeInvis +   d - +3 quick blade "Cenwoll" {antimagic, MR+} (curse)
rCold    + . .     Gourm    .   i - +2 buckler
rNeg     . . .     Faith    .   t - +1 scale mail {rF+}
rPois    .         Spirit   .   s - +1 hat
rElec    .         Reflect  .   r - +2 cloak
rCorr    .         Harm     .   z - +2 pair of gloves
MR       +....                  (no boots)
Stlth    ..........             (no amulet)
HPRegen  0.25/turn              u - ring of protection from cold
MPRegen  0.09/turn              e - +3 ring of strength

@: no status effects
A: small, mutation resistance 1
a: Curse Item, Scrying, Renounce Religion


You were on level 13 of the Dungeon.
You worshipped Ashenzari.
Ashenzari was most pleased with you.
You were hungry.

You visited 2 branches of the dungeon, and saw 14 of its levels.
You also visited: Bailey.

You collected 1143 gold pieces.

Inventory:

Hand Weapons
 a - a +1 rapier
 d - the cursed +3 quick blade "Cenwoll" (weapon) {antimagic, MR+}
   (You acquired it on level 9 of the Dungeon)

   It reduces the magical energy of the wielder, and disrupts the spells and
   magical abilities of those hit.
   Natural abilities and divine invocations are not affected.
   It affects your resistance to hostile enchantments.
   It has a curse placed upon it.
 p - a +1 short sword of draining
Armour
 i - a +2 buckler (worn)
 r - a +2 cloak (worn)
 s - a +1 hat (worn)
 t - a +1 scale mail of fire resistance (worn)
 z - a +2 pair of gloves (worn)
Jewellery
 e - a +3 ring of strength (right hand)
 u - a ring of protection from cold (left hand)
Scrolls
 c - a scroll of summoning
 h - a scroll of fear
 j - 3 scrolls of enchant weapon
 k - 7 scrolls of fog
 l - 3 scrolls of blinking
 n - 8 scrolls of remove curse
 q - 3 scrolls of teleportation
 v - a scroll of brand weapon
 w - a scroll of magic mapping
 x - a scroll of enchant armour
Potions
 g - 4 potions of curing
 m - 3 potions of flight
 o - 2 potions of mutation
 C - 2 potions of agility
 D - 2 potions of haste
Comestibles
 f - 24 rations


   Skills:
 * Level 9.9 Fighting
 * Level 12.8(15.4) Short Blades
 * Level 12.3 Armour
 * Level 11.7 Dodging
 - Level 6.0 Shields


You had 12 spell levels left.
You didn't know any spells.
Your spell library contained the following spells:

 Spells                   Type           Power        Failure   Level  Hunger
 Infusion                 Chrm           #...         73%         1    ##.....
 Shroud of Golubria       Chrm/Tloc      #.....       86%         2    ###....
 Song of Slaying          Chrm           #.......     86%         2    ###....
 Regeneration             Chrm/Necr      #.........   97%         3    ####...
 Spectral Weapon          Hex/Chrm       #.......     97%         3    ####...


Dungeon Overview and Level Annotations

Branches:
Dungeon (13/15)            Temple (1/1) D:5            Lair (0/6) D:9
    Orc (0/2) D:9          Bailey (visited)
 Vaults: D:13-14

Altars:
Ashenzari
Cheibriados
Dithmenos
Elyvilon
Fedhas
Gozag
Hepliaklqana
Kikubaaqudgha
Makhleb
Nemelex Xobeh
Okawaru
Qazlal
Ru
Sif Muna
Trog
Uskayaw
Vehumet
Wu Jian
Xom
Yredelemnul
Zin
The Shining One
Beogh

Shops:
D:10 (   D:12 %

Annotations:
D:11 3 runed translucent doors, bmj180's ghost, journeyman MfIE


Innate Abilities, Weirdness & Mutations

You are small and have problems with some larger weapons.
You are somewhat resistant to further mutation.


Message History

The very large slime creature barely misses you.
You hit the very large slime creature but do no damage.
The very large slime creature is almost dead.
You are feeling hungry.
You hit the very large slime creature.
The very large slime creature is almost dead.
You hit the very large slime creature.
The very large slime creature is almost dead.
The very large slime creature hits you!!!
Ouch! That really hurt!
You hit the very large slime creature.
The very large slime creature is almost dead.
You puncture the very large slime creature!
The very large slime creature is almost dead.
You barely miss the very large slime creature.
The very large slime creature is almost dead.
You hit the very large slime creature.
The very large slime creature is almost dead.
The very large slime creature hits you!!!
You die...

#......###....########
#.####.#........(.......
#.# #.#..............(.
#.# #.#................
#.####.#....(..........
#......##)#...###....#* ,
#>........#...###....####
#.#######.#..............,
#.# #@#.............. #.#
#J#.............. #.#
#.#..............
#.#######.#..............
#.........+..............,
*.........#..^...........
*.....J...#<.............
.........#######'########
......#..................


You could see a very large slime creature.

Vanquished Creatures
  Fannar (D:10)
  A hydra (D:12)
  Erica (D:10)
  A centaur warrior (D:13)
  A death yak (D:10)
  3 two-headed ogres
  3 orc knights
  A wolf spider zombie (D:11)
  Pikel (D:5)
  A cyclops (D:13)
  An elephant (shapeshifter) (D:12)
  An elephant (D:9)
  Joseph (D:10)
  A centaur skeleton (D:13)
  A hornet (D:12)
  3 hippogriffs
  A shadow (D:11)
  A wraith (D:12)
  3 vampires
  A human (D:8)
  4 hogs (D:8)
  Eustachio (D:4)
  17 yaks
  A basilisk (D:9)
  A steam dragon (D:11)
  4 vampire mosquitoes (D:13)
  6 hungry ghosts
  Edmund (D:6)
  An acid dragon (D:10)
  2 water moccasins
  A soldier ant (shapeshifter) (D:12)
  3 sky beasts
  4 slaves (D:5)
  4 ice beasts
  12 orc warriors
  6 necrophages
  5 phantoms
  11 ogres
  A boggart (D:12)
  9 centaurs
  2 crocodiles
  Blork the orc (D:6)
  9 bullfrogs
  A gnoll sergeant (D:10)
  A wyvern zombie (D:13)
  4 scorpions
  A water moccasin skeleton (D:10)
  9 killer bees
  5 howler monkeys
  14 wights
  3 electric eels (D:10)
  A centaur zombie (D:11)
  7 crimson imps
  2 bullfrog zombies
  7 hounds
  5 jellies
  Crazy Yiuf (D:5)
  8 orc priests
  2 bullfrog skeletons
  10 orc wizards
  6 iguanas
  15 worker ants
  A hound zombie (D:7)
  2 hound skeletons
  3 worker ant zombies
  16 gnolls
  10 adders
  3 shadow imps
  An adder skeleton (D:4)
  A worm (D:3)
  2 dart slugs
  5 leopard geckos
  104 orcs
  A ball python (D:1)
  4 giant cockroaches
  15 goblins
  8 hobgoblins
  4 jackals
  28 kobolds
  9 quokkas
  4 bats
  6 frilled lizards
  9 rats
  A spectral orc (D:6)
473 creatures vanquished.

Notes
Turn   | Place    | Note
-------+----------+-------------------------------------------
     0 | D:1      | Borgoz the Halfling Fighter began the quest for the Orb.
     0 | D:1      | Reached XP level 1. HP: 15/15 MP: 1/1
   153 | D:1      | Reached XP level 2. HP: 18/20 MP: 2/2
   752 | D:1      | Reached skill level 1 in Dodging
   752 | D:1      | Reached XP level 3. HP: 24/25 MP: 3/3
   852 | D:1      | Reached XP level 4. HP: 16/30 MP: 4/4
  1321 | D:2      | Reached XP level 5. HP: 36/36 MP: 5/5
  1656 | D:2      | Found a shadowy altar of Dithmenos.
  2692 | D:4      | Reached XP level 6. HP: 37/42 MP: 6/6
  2724 | D:4      | Found an ancient bone altar of Kikubaaqudgha.
  2726 | D:4      | Noticed an ogre
  2730 | D:4      | Found a glowing golden altar of the Shining One.
  2736 | D:4      | Killed an ogre
  2869 | D:4      | Found a glowing silver altar of Zin.
  2869 | D:4      | Noticed Eustachio
  2879 | D:4      | Reached skill level 5 in Armour
  2881 | D:4      | Reached XP level 7. HP: 27/46 MP: 7/7
  2903 | D:4      | Killed Eustachio
  3029 | D:4      | Reached skill level 5 in Short Blades
  3315 | D:4      | Found a blossoming altar of Fedhas.
  3323 | D:4      | Found a radiant altar of Vehumet.
  3473 | D:4      | Reached XP level 8. HP: 50/54 MP: 8/8
  3583 | D:5      | Entered Level 5 of the Dungeon
  3818 | D:5      | Noticed Pikel
  3910 | D:5      | Killed Pikel
  3910 | D:5      | Reached skill level 5 in Dodging
  3910 | D:5      | Reached skill level 5 in Shields
  4258 | D:5      | Found a staircase to the Ecumenical Temple.
  4267 | D:5      | Reached XP level 9. HP: 58/58 MP: 9/9
  4325 | Temple   | Entered the Ecumenical Temple
  4686 | Temple   | Became a worshipper of Ashenzari the Shackled
  4868 | D:5      | Found a runed translucent door.
  4869 | D:5      | Noticed Crazy Yiuf
  4958 | D:5      | Killed Crazy Yiuf
  5053 | D:5      | Found an opulent altar of Gozag.
  5758 | D:6      | Noticed Blork the orc
  5807 | D:6      | Killed Blork the orc
  5807 | D:6      | Reached skill level 5 in Fighting
  6513 | D:6      | Noticed Edmund
  6543 | D:6      | You fall into a shaft and drop 3 floors!
  6545 | D:9      | Found a sparkling altar of Nemelex Xobeh.
  6739 | D:8      | Found a snail-covered altar of Cheibriados.
  6816 | D:7      | Found a shimmering blue altar of Sif Muna.
  7418 | D:6      | Found a snail-covered altar of Cheibriados.
  7459 | D:6      | Reached XP level 10. HP: 66/66 MP: 10/10
  7637 | D:6      | Killed Edmund
  7708 | D:6      | Found a basalt altar of Yredelemnul.
  7940 | D:7      | Reached * piety under Ashenzari
  8473 | D:8      | Noticed a two-headed ogre
  8485 | D:8      | Killed a two-headed ogre
  9034 | D:8      | Reached XP level 11. HP: 72/73 MP: 11/11
  9541 | D:8      | Found a roughly hewn altar of Beogh.
  9864 | D:9      | Identified a scroll of acquirement
  9866 | D:9      | Got the cursed quick blade "Cenwoll" {antimagic, MR+}
  9868 | D:9      | Identified the cursed +3 quick blade "Cenwoll" {antimagic,
                  | MR+} (You acquired it on level 9 of the Dungeon)
  9952 | D:9      | Reached skill level 10 in Short Blades
  9953 | D:9      | Noticed an elephant
  9987 | D:9      | Killed an elephant
 10141 | D:9      | Found a staircase to the Orcish Mines.
 10221 | D:9      | Reached skill level 10 in Armour
 10272 | D:9      | Found a staircase to the Lair.
 10938 | D:10     | Entered Level 10 of the Dungeon
 10943 | D:10     | Found a flagged portal.
 11006 | D:10     | Noticed Joseph
 11007 | D:10     | Found Gomirph's Antique Weapon Shop.
 11028 | D:10     | Killed Joseph
 11062 | Bailey   | Entered a bailey
 11144 | Bailey   | Noticed an orc knight
 11157 | Bailey   | Killed an orc knight
 11290 | Bailey   | Noticed an orc knight
 11310 | Bailey   | Killed an orc knight
 11359 | Bailey   | Identified the cursed +1 hand crossbow of the Endless March
                  | {flame, rPois}
 11537 | D:10     | Reached ** piety under Ashenzari
 11690 | D:10     | Noticed Erica
 11698 | D:10     | Reached XP level 12. HP: 82/82 MP: 4/12
 11709 | D:10     | Killed Erica
 11873 | D:10     | Noticed Fannar
 11953 | D:10     | Killed Fannar
 11953 | D:10     | Reached skill level 10 in Dodging
 11978 | D:10     | Noticed a death yak
 12025 | D:10     | Killed a death yak
 13087 | D:11     | Noticed a two-headed ogre
 13373 | D:11     | Killed a two-headed ogre
 14405 | D:11     | Noticed an ettin
 14406 | D:11     | Found a runed translucent gate.
 14407 | D:11     | Found a runed translucent gate.
 14407 | D:11     | Found a runed translucent gate.
 14407 | D:11     | Noticed bmj180's ghost (journeyman MfIE)
 14445 | D:11     | Found a white marble altar of Elyvilon.
 14810 | D:12     | Reached XP level 13. HP: 86/90 MP: 4/13
 15053 | D:12     | Found Oneocuzo's Food Shoppe.
 15883 | D:12     | Noticed a seven-headed hydra
 15903 | D:12     | Killed a seven-headed hydra
 16467 | D:13     | Noticed a centaur warrior
 16504 | D:13     | Killed a centaur warrior
 17056 | D:13     | Reached *** piety under Ashenzari
 17389 | D:13     | Slain by a very large slime creature

Levels and vault maps discovered:
D:1:      nzn_arrival_water_spiral, layout_basic
D:2:      layout_loops_ring, grunt_dithmenos_smoke_and_mirrors
D:3:      layout_basic
D:4:      layout_rooms, zin_academy, grunt_temple_overflow_open, first_ration,
          kennysheep_crisscross, uniq_eustachio
D:5:      layout_layer_cave, nicolae_gozag_cash_rules_everything_around_me,
          minmay_temple_entry_large_hall, minmay_misc_feat_rugged,
          minmay_misc_feat_secret_circle, uniq_pikel, uniq_crazy_yiuf_cottage
D:6:      layout_basic, cheibriados_altar_1,
          yredelemnul_forgotten_temple_becter, uniq_blork_the_orc, uniq_edmund
D:7:      layout_basic, tgw_sif
D:8:      layout_loops_ring, serial_undead, serial_undead_b, serial_undead_d,
          serial_undead_a, serial_undead_a, basic_altar, special_room
          [special_room_orc], grunt_livestock
D:9:      layout_roguey, nemelex_xobeh_ov_fountains_minmay, david_lair_generic,
          david_orc_3
D:10:     argonaut_augean_stables, layout_basic, enter_bailey_2, serial_shops,
          kennysheep_little_box, uniq_joseph, uniq_fannar, uniq_erica
D:11:     layout_basic, gammafunk_ghost_split, special_room [special_room_orc],
          basic_altar, kennysheep_generic_room_11
D:12:     layout_stronghold, serial_shops, shop, minmay_misc_feat_pillars,
          kb_rosetta
D:13:     layout_stronghold, ebering_ghost_gozag
Temple:   minmay_temple_curvy_loop

Skill      XL: |  1  2  3  4  5  6  7  8  9 10 11 12 13 |
---------------+----------------------------------------+-----
Short Blades   | 3 4 5 6 7 9 10 12 | 12.8
Dodging        | 1 2 3 4 5 6 8 9 11 | 11.7
Armour         | 4 5 6 7 9 10 11 12 | 12.3
Fighting       | 3 4 5 6 8 9 |  9.9
Shields        | 4 5 6 |  6.0

Action                   |  1- 3 |  4- 6 |  7- 9 | 10-12 | 13-15 || total
-------------------------+-------+-------+-------+-------+-------++-------
Melee: Rapier            |    68 |   218 |   546 |   478 |       ||  1310
       Quick blade       |       |       |       |  1403 |   626 ||  2029
Evoke: Wand              |       |       |       |    46 |     5 ||    51
  Use: Scroll            |       |     9 |     7 |     7 |     2 ||    25
       Potion            |       |     1 |     4 |     7 |       ||    12
 Stab: Invisible         |       |       |       |    11 |       ||    11
  Eat: Chunk             |       |     7 |    15 |    24 |     9 ||    55
       Ration            |       |       |       |     1 |       ||     1
Armor: Scale mail        |    18 |    65 |   110 |   199 |    41 ||   433
       Skin              |       |       |    38 |       |       ||    38
Dodge: Dodged            |    22 |    91 |   237 |   634 |   153 ||  1137
Block: Shield            |    39 |   123 |   132 |       |       ||   294
       Buckler           |       |       |   127 |   392 |   106 ||   625

Table legend:
 A = Non-vault XP
 B = Vault XP
 C = Vault XP percentage of total XP
 D = Non-vault monster count
 E = Vault monster count
 F = Vault count percentage of total count
                 A         B        C        D         E       F
            +---------+---------+-------+---------+---------+-------
      Total |   20628 |   14948 |  42.0 |     334 |     135 |  28.8
            +---------+---------+-------+---------+---------+-------
        D:1 |      69 |       0 |   0.0 |      18 |       0 |   0.0
        D:2 |      96 |       0 |   0.0 |      28 |       0 |   0.0
        D:3 |     102 |       0 |   0.0 |      22 |       0 |   0.0
        D:4 |     555 |     197 |  26.2 |      20 |       1 |   4.8
        D:5 |     700 |     612 |  46.6 |      30 |       2 |   6.2
        D:6 |     855 |     264 |  23.6 |      18 |       3 |  14.3
        D:7 |     849 |      40 |   4.5 |      18 |       1 |   5.3
        D:8 |    2758 |    2225 |  44.7 |      28 |      39 |  58.2
        D:9 |    1685 |    1314 |  43.8 |      28 |      12 |  30.0
       D:10 |    1806 |    5432 |  75.0 |      30 |      15 |  33.3
       D:11 |    3882 |    1570 |  28.8 |      33 |      26 |  44.1
       D:12 |    2916 |    1708 |  36.9 |      31 |       4 |  11.4
       D:13 |    4150 |       0 |   0.0 |      27 |       0 |   0.0
     Temple |     205 |       0 |   0.0 |       3 |       0 |   0.0
     Bailey |       0 |    1586 | 100.0 |       0 |      32 | 100.0
            +---------+---------+-------+---------+---------+-------
